 Dungeon Crawl Stone Soup version 0.25-a0-734-g73332aeda9 (webtiles) character file.

Game seed: 1555936516174339788, levelgen mode: deterministic

44 Gynju the Sneak (level 3, -2/16 HPs)
             Began as a Spriggan Enchanter on Apr 10, 2020.
             Killed from afar by Natasha (11 damage)
             ... with a magic dart
             ... on level 2 of the Dungeon.
             The game lasted 00:02:18 (1700 turns).

Gynju the Sneak (Spriggan Enchanter)                Turns: 1700, Time: 00:02:19

Health: -2/16      AC:  2    Str:  4    XL:     3   Next: 39%
Magic:  0/8        EV: 18    Int: 17    God:
Gold:   61         SH:  0    Dex: 16    Spells: 5/8 levels left

rFire    . . .     SeeInvis +   a - +1 dagger
rCold    . . .     Gourm    .   (shield restricted)
rNeg     . . .     Faith    .   b - +0 robe
rPois    .         Spirit   .   (helmet restricted)
rElec    .         Reflect  .   l - scarf {cloud immunity}
rCorr    .         Harm     .   (gloves unavailable)
MR       .....                  (boots unavailable)
Stlth    +++.......             (no amulet)
HPRegen  0.05/turn              (no ring)
MPRegen  0.11/turn              (no ring)

@: very slightly contaminated, very quick
A: very small, unfitting armour, see invisible, herbivore, speed 3, slow
metabolism 2
a: no special abilities


You were on level 2 of the Dungeon.
You were not hungry.

You visited 1 branch of the dungeon, and saw 2 of its levels.

You collected 61 gold pieces.

Inventory:

Hand Weapons
 a - a +1 dagger (weapon)
Armour
 b - a +0 robe (worn)
 l - a scarf of cloud immunity (worn)
Jewellery
 e - an uncursed ring of protection from fire {unknown}
Scrolls
 c - 2 scrolls of fog {unknown}
 f - 2 scrolls of enchant armour {unknown}
 h - 2 scrolls of teleportation {unknown}
 i - a scroll of immolation {unknown}
 j - a scroll of amnesia {unknown}
 k - 5 scrolls of identify {unknown}
 m - a scroll of noise {unknown}
Potions
 g - a potion of berserk rage {unknown}
Comestibles
 d - 7 rations


   Skills:
 - Level 1.1 Short Blades
 - Level 3.0 Dodging
 + Level 5.2 Stealth
 + Level 3.3 Spellcasting
 + Level 4.2 Hexes
 + Level 0.8 Ice Magic


You had 5 spell levels left.
You knew the following spells:

 Your Spells              Type           Power        Failure   Level  Hunger
a - Corona                Hex            ###....      3%          1    None
b - Ensorcelled Hibernat  Hex/Ice        ##....       9%          2    ##.....

Your spell library contained the following spells:

 Spells                   Type           Power        Failure   Level  Hunger
 Confusing Touch          Hex            ###.....     9%          3    ###....
 Tukima's Dance           Hex            ###.....     9%          3    ###....
 Dazzling Flash           Conj/Hex       ##....       22%         3    ###....


Dungeon Overview and Level Annotations

Branches:
Dungeon (2/15)

Altars:
Hepliaklqana

Annotations:
D:2 Natasha


Innate Abilities, Weirdness & Mutations

You are very small and have problems with some larger weapons.
You are too small for most types of armour.
You have supernaturally acute eyesight. (SInv)
You are a herbivore.
You cover ground extremely quickly.
You need to consume almost no food.


Message History

Natasha mewls in sadness.
Natasha misses you.
Casting: Ensorcelled Hibernation (safe; 9% risk of failure)
Confirm with . or Enter, or press ? or * to list all spells.
You don't have enough magic to cast that spell.
Casting: Ensorcelled Hibernation (safe; 9% risk of failure)
Confirm with . or Enter, or press ? or * to list all spells.
You don't have enough magic to cast that spell.
Casting: Ensorcelled Hibernation (safe; 9% risk of failure)
Confirm with . or Enter, or press ? or * to list all spells.
You don't have enough magic to cast that spell.
There is an open door here.
You close the door.
You see here a kobold corpse.
Natasha wildly gestures.
You feel disoriented.
Natasha stares at you and mumbles some strange words.
The magic dart hits you!
Ouch! That really hurt!
You die...

################# #
#..........>....# #
######.#############.# #
#....#.# #...........# #
#....#'###.....##.#..# #
#........#.....'..#..# #
###......#.....##.#..# #
##........@.####.#..# #
#.......###.####.#... #
#.†..#### #.#....#.###
#######....######†#........
......'....+......+........
#######....#......#h.......
.(....#....#.....h#...##...
#####.#....#.####........
.# #.######.# ####.#####


You could see Natasha.

Vanquished Creatures
  An adder (D:2)
  An ooze (D:1)
  3 dart slugs
  2 leopard geckos (D:2)
  A giant cockroach (D:2)
  3 goblins (D:1)
  4 hobgoblins (D:1)
  2 kobolds
  A ball python (D:2)
  4 bats
  A rat (D:2)
23 creatures vanquished.

Notes
Turn   | Place    | Note
-------+----------+-------------------------------------------
     0 | D:1      | Gynju the Spriggan Enchanter began the quest for the Orb.
     0 | D:1      | Reached XP level 1. HP: 9/9 MP: 5/5
   213 | D:1      | Reached XP level 2. HP: 11/13 MP: 5/7
   217 | D:1      | Learned a level 2 spell: Ensorcelled Hibernation
   585 | D:1      | Reached skill level 5 in Stealth
  1277 | D:2      | Found a hazy altar of Hepliaklqana.
  1369 | D:2      | Reached XP level 3. HP: 16/16 MP: 5/8
  1688 | D:2      | Noticed Natasha
  1700 | D:2      | Killed from afar by Natasha

Levels and vault maps discovered:
D:1:      lemuel_arrival_cross, layout_basic
D:2:      layout_basic, nicolae_overflow_crystal_walls, uniq_natasha

Skill      XL: |  1  2 |
---------------+-------+-----
Spellcasting   | 3 |  3.3
Hexes          | 4 |  4.2
Stealth        | 5 |  5.2
Short Blades   | |  1.1
Dodging        | |  3.0
Ice Magic      | |  0.8

Action                   || total
-------------------------++-------
Melee: Dagger            ||    81
 Cast: Corona            ||     5
       Ensorcelled Hiber ||    18
 Stab: Sleeping          ||    11
       Distracted        ||     3
Armor: Robe              ||    12
Dodge: Dodged            ||    83

Table legend:
 A = Non-vault XP
 B = Vault XP
 C = Vault XP percentage of total XP
 D = Non-vault monster count
 E = Vault monster count
 F = Vault count percentage of total count
                 A         B        C        D         E       F
            +---------+---------+-------+---------+---------+-------
      Total |      63 |       0 |   0.0 |      23 |       0 |   0.0
            +---------+---------+-------+---------+---------+-------
        D:1 |      34 |       0 |   0.0 |      14 |       0 |   0.0
        D:2 |      29 |       0 |   0.0 |       9 |       0 |   0.0
            +---------+---------+-------+---------+---------+-------
